[Event "Marshall CC FIDE Premier November 2024"]
[Site "New York"]
[Date "2024.11.02"]
[Round "1.1"]
[White "Knowles, Chase"]
[Black "Putnam, Liam"]
[Result "1/2-1/2"]
[ECO "A09"]
[WhiteElo "1966"]
[BlackElo "2388"]
[Annotator "TA"]
[PlyCount "99"]
[EventDate "2024.11.01"]
[EventType "swiss"]
[EventCountry "USA"]
[SourceTitle "playchess.com"]
[Source "ChessBase"]
[SourceQuality "1"]
[TimeControl "5400+30"]

1. Nf3 d5 2. c4 d4 3. b4 Nf6 4. Bb2 c5 5. g3 Qc7 6. d3 e5 7. b5 Bd6 8. Nbd2 O-O 9. Bg2 Bg4 10. h3 Bf5 11. g4 Bc8 12. a4 Re8 13. Ng5 Nbd7 14. a5 Rb8 15. Bc1 Nf8 16. Nde4 Nxe4 17. Nxe4 Be7 18. Bg5 Ng6 19. Bf3 f6 {[%emt 0:02:33] Repels h4} 20. Bd2 Nh4 21. Rg1 Nxf3+ 22. exf3 Rf8 23. Qe2 a6 {[%emt 0:00:42] Strongly threatening ...axb5.} 24. b6 $1 Qc6 25. Ng3 Bd7 26. Qe4 $1 Qe6 27. f4 $1 Bc6 28. Qe2 Qd7 29. f5 e4 30. Nxe4 $16 Rbe8 31. f3 g6 (31... Bd6 $16 {was necessary.} 32. Qg2 Kh8) 32. fxg6 $18 hxg6 33. O-O-O Bd6 34. Qf2 Re6 35. Qh4 $2 ({White should try} 35. h4 $16) 35... Rf7 {[%emt 0:01:14] [#]} (35... Rxe4 $11 36. fxe4 Bxe4 37. dxe4 Qa4) 36. Rde1 $1 $16 {[%emt 0:02:22] White is much more active.} Bxe4 37. fxe4 (37. Rxe4 $16 Rxe4 38. fxe4) 37... Rh7 $1 $11 38. Qf2 Rxh3 39. Qf1 Qh7 (39... Rg3 $11) 40. Rh1 (40. g5 $1 $14 Qh4 41. Kc2) 40... Rxh1 41. Qxh1 Qxh1 42. Rxh1 {[%emt 0:00:04][%mdl 4096] Endgame. KRB-KRB} Re7 43. Kd1 Kg7 44. Rf1 Re8 45. Rh1 Re6 46. Bc1 Re8 47. Bd2 Kg8 48. Bc1 Re7 49. Bd2 Kg7 50. Bc1 {[%emt 0:14:35] White really could win this.   Weighted Error Value: White=0.15 (very precise) /Black=0.20 (precise) .  Mistake:       	White=3     	Black=4      Inaccurate:     	White=4     	Black=8      OK:         	White=18    	Black=14     Best:        	White=1     	Black=1      Strong:       	White=4     	Black=1} 1/2-1/2

[Event "Marshall CC FIDE Premier November 2024"]
[Site "New York"]
[Date "2024.11.02"]
[Round "1.2"]
[White "Zhu, Linxi"]
[Black "Shankar, Pranav"]
[Result "1-0"]
[ECO "B12"]
[WhiteElo "2143"]
[BlackElo "1956"]
[Annotator "RC"]
[PlyCount "79"]
[EventDate "2024.11.01"]
[EventType "swiss"]
[EventCountry "USA"]
[SourceTitle "playchess.com"]
[Source "ChessBase"]
[SourceQuality "1"]
[TimeControl "5400+30"]

1. e4 c6 2. d4 d5 3. f3 dxe4 4. fxe4 e5 5. Nf3 Bg4 6. c3 Nd7 7. Be2 Ngf6 8. Nbd2 Bd6 9. Nc4 Bc7 10. Nfxe5 Nxe5 11. Nxe5 Bxe2 12. Qxe2 Bxe5 13. dxe5 Nd7 14. e6 fxe6 15. O-O Qe7 16. Kh1 O-O-O 17. Be3 Kb8 18. Qf2 Rhf8 19. Bxa7+ Kc7 20. Qg3+ e5 21. Be3 Rf7 22. Rfe1 Kc8 23. Qh3 h6 24. a4 Kc7 25. a5 Nc5 26. b4 Nd3 27. Bb6+ Kb8 28. Red1 Nf2+ 29. Bxf2 Rxd1+ 30. Rxd1 Rxf2 31. Qe3 Ra2 32. Qb6 Kc8 33. Rf1 h5 34. h3 h4 35. c4 Ra4 36. b5 cxb5 37. cxb5 Rxe4 38. a6 bxa6 39. Rc1+ Kd7 40. Qc6+ 1-0

[Event "Marshall CC FIDE Premier November 2024"]
[Site "New York"]
[Date "2024.11.02"]
[Round "1.3"]
[White "Cheung, Kyle"]
[Black "Hebbar, Eshaan"]
[Result "0-1"]
[ECO "C45"]
[WhiteElo "1882"]
[BlackElo "2130"]
[Annotator "RC"]
[PlyCount "78"]
[EventDate "2024.11.01"]
[EventType "swiss"]
[EventCountry "USA"]
[SourceTitle "playchess.com"]
[Source "ChessBase"]
[SourceQuality "1"]
[TimeControl "5400+30"]

1. e4 e5 2. Nf3 Nc6 3. d4 exd4 4. Nxd4 Bc5 5. Nb3 Bb6 6. Nc3 Nf6 7. Bg5 h6 8. Bh4 O-O 9. Bd3 Ne5 10. O-O Ng6 11. Bg3 Re8 12. Qd2 d6 13. Kh1 a5 14. a4 Nh5 15. Nd5 c6 16. Nxb6 Nxg3+ 17. fxg3 Qxb6 18. Qc3 Be6 19. Nd2 Ne5 20. Nc4 Bxc4 21. Bxc4 Qc5 22. Bd3 Qxc3 23. bxc3 Nd7 24. Rfe1 Nc5 25. Kg1 Re7 26. Kf2 Rae8 27. Reb1 Nxe4+ 28. Bxe4 Rxe4 29. Rxb7 Re2+ 30. Kf1 Rxc2 31. Re1 Rxe1+ 32. Kxe1 Rxg2 33. Ra7 Rxh2 34. Rxa5 Rc2 35. Ra8+ Kh7 36. a5 Rxc3 37. Kd2 Rxg3 38. Kc2 h5 39. a6 Ra3 0-1

[Event "Marshall CC FIDE Premier November 2024"]
[Site "New York"]
[Date "2024.11.02"]
[Round "1.4"]
[White "Paragua, Megan Althea"]
[Black "Shvarts, Tim"]
[Result "1-0"]
[ECO "C84"]
[WhiteElo "2190"]
[BlackElo "1902"]
[Annotator "RC"]
[PlyCount "77"]
[EventDate "2024.11.01"]
[EventType "swiss"]
[EventCountry "USA"]
[SourceTitle "playchess.com"]
[Source "ChessBase"]
[SourceQuality "1"]
[TimeControl "5400+30"]

1. e4 e5 2. Nf3 Nc6 3. Bb5 a6 4. Ba4 Nf6 5. d4 exd4 6. O-O Be7 7. e5 Ne4 8. Re1 Nc5 9. Bxc6 dxc6 10. Nxd4 Ne6 11. Be3 Nxd4 12. Bxd4 c5 13. Be3 Qxd1 14. Rxd1 Bf5 15. Nc3 c6 16. Rd2 O-O 17. Na4 c4 18. Bc5 Bxc5 19. Nxc5 Rfe8 20. f4 Re7 21. Na4 b5 22. Nc5 g5 23. g3 a5 24. c3 b4 25. Rc1 gxf4 26. gxf4 Kh8 27. cxb4 axb4 28. Rxc4 Rxa2 29. Rxb4 Ra1+ 30. Kf2 Rh1 31. Kg2 Rc1 32. Ne4 Ra7 33. Ng3 Be6 34. Rd8+ Kg7 35. f5 Bd5+ 36. Kh3 Bf3 37. f6+ Kh6 38. Rh4+ Kg5 39. Rg8# 1-0

[Event "Marshall CC FIDE Premier November 2024"]
[Site "New York"]
[Date "2024.11.02"]
[Round "1.5"]
[White "Tadevosyan, Levon"]
[Black "Hoffman, Luc"]
[Result "1-0"]
[ECO "B23"]
[WhiteElo "1867"]
[BlackElo "2088"]
[Annotator "RC"]
[PlyCount "85"]
[EventDate "2024.11.01"]
[EventType "swiss"]
[EventCountry "USA"]
[SourceTitle "playchess.com"]
[Source "ChessBase"]
[SourceQuality "1"]
[TimeControl "5400+30"]

1. e4 c5 2. Ne2 Nf6 3. Nbc3 Nc6 4. g3 h5 5. h3 b5 6. Bg2 b4 7. Na4 e5 8. O-O d6 9. c3 Ba6 10. b3 Be7 11. a3 bxc3 12. dxc3 Qa5 13. Bd2 Bd3 14. f3 Rb8 15. Rf2 Bxe2 16. Rxe2 Qb5 17. Rb1 O-O 18. Kh2 Qd3 19. Rf2 Qa6 20. Bg5 Na5 21. Bf1 Qc6 22. Bxf6 Bxf6 23. b4 h4 24. b5 Qd7 25. Rd2 hxg3+ 26. Kg2 Nb7 27. b6 axb6 28. Nxb6 Qc6 29. Nd5 c4 30. Rb4 Bg5 31. Rdb2 f5 32. Bxc4 Kh8 33. Qe2 Rbc8 34. Bb5 Qc5 35. Ba6 Ra8 36. Rb5 Qxa3 37. Bxb7 Rab8 38. exf5 Qa1 39. f4 exf4 40. Ne7 Kh7 41. Be4 f3+ 42. Qxf3 Rxb5 43. Qh5+ 1-0

[Event "Marshall CC FIDE Premier November 2024"]
[Site "New York"]
[Date "2024.11.02"]
[Round "1.6"]
[White "Chin, Spencer"]
[Black "Pan, Zachary"]
[Result "1-0"]
[ECO "D35"]
[WhiteElo "2035"]
[BlackElo "1898"]
[Annotator "RC"]
[PlyCount "55"]
[EventDate "2024.11.01"]
[EventType "swiss"]
[EventCountry "USA"]
[SourceTitle "playchess.com"]
[Source "ChessBase"]
[SourceQuality "1"]
[TimeControl "5400+30"]

1. d4 Nf6 2. c4 e6 3. Nc3 d5 4. cxd5 exd5 5. Bg5 c6 6. e3 h6 7. Bh4 Be7 8. Bd3 Ne4 9. Bxe7 Qxe7 10. Nge2 O-O 11. O-O Bf5 12. Qc2 Nd7 13. Rfe1 Ndf6 14. Nf4 Qd7 15. f3 Nd6 16. e4 dxe4 17. fxe4 Be6 18. e5 Ng4 19. h3 Nc4 20. hxg4 Bxg4 21. Qf2 Nxb2 22. Ne4 Nxd3 23. Nxd3 b6 24. Nd6 f6 25. Qe3 Rad8 26. Rac1 fxe5 27. dxe5 h5 28. Nf4 1-0

[Event "Marshall CC FIDE Premier November 2024"]
[Site "New York"]
[Date "2024.11.02"]
[Round "1.7"]
[White "Marzouq, Chowdhury"]
[Black "Marsh, James J"]
[Result "0-1"]
[ECO "E11"]
[WhiteElo "1948"]
[BlackElo "2049"]
[Annotator "RC"]
[PlyCount "54"]
[EventDate "2024.11.01"]
[EventType "swiss"]
[EventCountry "USA"]
[SourceTitle "playchess.com"]
[Source "ChessBase"]
[SourceQuality "1"]
[TimeControl "5400+30"]

1. d4 d5 2. c4 e6 3. Nf3 Nf6 4. g3 Bb4+ 5. Bd2 Be7 6. Bg2 O-O 7. O-O Nbd7 8. Qc2 c6 9. b3 Ne4 10. Bc3 a5 11. a4 b6 12. Nbd2 Nxc3 13. Qxc3 Bb7 14. e4 dxe4 15. Nxe4 c5 16. Qc2 Nf6 17. Nfg5 Nxe4 18. Nxe4 cxd4 19. Rad1 Qd7 20. f4 Rad8 21. Rd3 Rfe8 22. Rfd1 Bc5 23. Qd2 e5 24. Rf1 Bb4 25. Qf2 f5 26. Ng5 e4 27. Rdd1 e3 0-1

[Event "Marshall CC FIDE Premier November 2024"]
[Site "New York"]
[Date "2024.11.02"]
[Round "1.8"]
[White "Yang, Daniel"]
[Black "Muthukumaran, Gurru"]
[Result "1/2-1/2"]
[ECO "A57"]
[WhiteElo "2101"]
[BlackElo "1859"]
[Annotator "RC"]
[PlyCount "141"]
[EventDate "2024.11.01"]
[EventType "swiss"]
[EventCountry "USA"]
[SourceTitle "playchess.com"]
[Source "ChessBase"]
[SourceQuality "1"]
[TimeControl "5400+30"]

1. d4 Nf6 2. c4 c5 3. d5 b5 4. cxb5 a6 5. e3 d6 6. Nc3 g6 7. Nf3 Bg7 8. Be2 O-O 9. O-O axb5 10. Bxb5 Ba6 11. Bxa6 Nxa6 12. Qe2 Qb6 13. Rd1 Rfb8 14. Rb1 Nd7 15. Bd2 Nc7 16. Be1 Nb5 17. Qc2 Qa6 18. a3 Nxc3 19. Bxc3 Qc4 20. Rd3 Bxc3 21. Qxc3 Qa2 22. Qc1 c4 23. Rc3 Nc5 24. Rxc4 Nd3 25. Qc2 Rxa3 26. Rc8+ Rxc8 27. Qxc8+ Kg7 28. Nd2 Nxb2 29. Qc2 Nd3 30. Qxa2 Rxa2 31. Rd1 Nb2 32. Rb1 Na4 33. Nb3 Nc3 34. Ra1 Rxa1+ 35. Nxa1 Nxd5 36. Nc2 e5 37. f3 Kf6 38. Kf2 Ke6 39. e4 Nb6 40. Ke3 d5 41. exd5+ Nxd5+ 42. Kf2 Kd6 43. g3 Kc5 44. Ke2 f5 45. Kd2 h5 46. Ne1 Kd4 47. Nc2+ Kc5 48. Ne1 g5 49. Nc2 g4 50. Ne1 Kd4 51. Nc2+ Kc5 52. Ne1 gxf3 53. Nxf3 Kd6 54. Ke2 Ke6 55. Ng5+ Kf6 56. Nf3 e4 57. Nd4 Ke5 58. Nc6+ Kd6 59. Nd4 Ke5 60. Nc6+ Kf6 61. Nd4 Kg5 62. h3 Kf6 63. Nc6 h4 64. Kf2 e3+ 65. Kf3 hxg3 66. Kxg3 f4+ 67. Kf3 Nc3 68. Nd4 Ke5 69. Nc2 Ne4 70. Nxe3 Nc3 71. Nc2 1/2-1/2

[Event "Marshall CC FIDE Premier November 2024"]
[Site "New York"]
[Date "2024.11.02"]
[Round "1.9"]
[White "Li, Aiden Linyuan"]
[Black "Kozower, Ethan"]
[Result "1-0"]
[ECO "C70"]
[WhiteElo "1923"]
[BlackElo "1985"]
[Annotator "RC"]
[PlyCount "59"]
[EventDate "2024.11.01"]
[EventType "swiss"]
[EventCountry "USA"]
[SourceTitle "playchess.com"]
[Source "ChessBase"]
[SourceQuality "1"]
[TimeControl "5400+30"]

1. e4 e5 2. Nf3 Nc6 3. Bb5 Nge7 4. O-O a6 5. Ba4 Ng6 6. c3 Be7 7. d4 exd4 8. cxd4 O-O 9. d5 Nb8 10. Nc3 d6 11. Be3 Ne5 12. Nxe5 dxe5 13. f4 exf4 14. Bxf4 Nd7 15. Qf3 Bd6 16. Bxd7 Qxd7 17. Bxd6 Qxd6 18. Rac1 f5 19. Qe3 Re8 20. Rce1 Qe5 21. Qf2 Rf8 22. exf5 Qxf5 23. Qc5 Qxf1+ 24. Rxf1 Bf5 25. Qxc7 Bd3 26. Rxf8+ Rxf8 27. h3 b5 28. d6 b4 29. Nd5 Bb5 30. d7 1-0

[Event "Marshall CC FIDE Premier November 2024"]
[Site "New York"]
[Date "2024.11.02"]
[Round "1.10"]
[White "Ayyappan, Santhosh"]
[Black "Gartenlaub, Corin"]
[Result "1/2-1/2"]
[ECO "B07"]
[WhiteElo "1933"]
[BlackElo "1895"]
[Annotator "RC"]
[PlyCount "113"]
[EventDate "2024.11.01"]
[EventType "swiss"]
[EventCountry "USA"]
[SourceTitle "playchess.com"]
[Source "ChessBase"]
[SourceQuality "1"]
[TimeControl "5400+30"]

1. e4 d6 2. d4 Nf6 3. Bd3 e5 4. d5 g6 5. Ne2 Nbd7 6. c4 Nc5 7. Nbc3 Nxd3+ 8. Qxd3 Bg7 9. a3 a5 10. b3 O-O 11. O-O b6 12. Bb2 Nd7 13. Qc2 f5 14. f4 Nc5 15. b4 Nxe4 16. Nxe4 fxe4 17. fxe5 dxe5 18. Ng3 axb4 19. Qxe4 bxa3 20. Rxa3 Rxf1+ 21. Nxf1 Rxa3 22. Bxa3 Bf5 23. Qe2 Qh4 24. Bb2 Qe4 25. Qxe4 Bxe4 26. Kf2 Bd3 27. Ne3 Kf7 28. Ke1 h5 29. Kd2 Be4 30. Ke2 Kf6 31. Ba3 Bh6 32. g3 Kf7 33. Nd1 Bc2 34. Nc3 e4 35. Nb5 Bd3+ 36. Ke1 Ke8 37. Nxc7+ Kd7 38. Nb5 Bxc4 39. Nc3 Bg7 40. Nxe4 Bxd5 41. Ng5 Bc3+ 42. Ke2 b5 43. Kd3 b4 44. Bc1 Bf6 45. h4 b3 46. Ba3 Kc6 47. Ne4 Bxe4+ 48. Kxe4 b2 49. Bxb2 Bxb2 50. Kf4 Bf6 51. g4 hxg4 52. Kxg4 Kd6 53. h5 g5 54. h6 Ke6 55. h7 Kf7 56. h8=Q Bxh8 57. Kxg5 1/2-1/2

[Event "Marshall CC FIDE Premier November 2024"]
[Site "New York"]
[Date "2024.11.02"]
[Round "2.1"]
[White "Marsh, James J"]
[Black "Zhu, Linxi"]
[Result "1/2-1/2"]
[ECO "D38"]
[WhiteElo "2049"]
[BlackElo "2143"]
[Annotator "RC"]
[PlyCount "86"]
[EventDate "2024.11.01"]
[EventType "swiss"]
[EventCountry "USA"]
[SourceTitle "playchess.com"]
[Source "ChessBase"]
[SourceQuality "1"]
[TimeControl "5400+30"]

1. d4 Nf6 2. c4 e6 3. Nf3 d5 4. Nc3 Bb4 5. Qa4+ Nc6 6. a3 Bxc3+ 7. bxc3 O-O 8. Bg5 h6 9. Bh4 Bd7 10. Qc2 Re8 11. e3 Rc8 12. Rb1 b6 13. Bd3 Qe7 14. O-O dxc4 15. Bxc4 Qf8 16. Ba6 Rb8 17. Bg3 Qe7 18. Qd3 Qd8 19. h3 Ne7 20. Ne5 Bc8 21. Bb5 Rf8 22. Bc6 Bb7 23. Bxb7 Rxb7 24. c4 Qc8 25. c5 bxc5 26. dxc5 Rxb1 27. Rxb1 Rd8 28. Qc4 Qa8 29. Nf3 Qc6 30. Nd4 Qe4 31. Rb4 Ned5 32. Ra4 Rb8 33. Qc2 Qxc2 34. Nxc2 Rb1+ 35. Kh2 Rc1 36. Nb4 Rxc5 37. Rxa7 Nxb4 38. axb4 Rb5 39. Rxc7 Rxb4 40. Rc2 Rb3 41. Be5 Nd5 42. e4 Ne7 43. f3 Rb5 1/2-1/2

[Event "Marshall CC FIDE Premier November 2024"]
[Site "New York"]
[Date "2024.11.02"]
[Round "2.2"]
[White "Hebbar, Eshaan"]
[Black "Tadevosyan, Levon"]
[Result "1-0"]
[ECO "A59"]
[WhiteElo "2130"]
[BlackElo "1867"]
[Annotator "RC"]
[PlyCount "93"]
[EventDate "2024.11.01"]
[EventType "swiss"]
[EventCountry "USA"]
[SourceTitle "playchess.com"]
[Source "ChessBase"]
[SourceQuality "1"]
[TimeControl "5400+30"]

1. d4 Nf6 2. c4 c5 3. d5 b5 4. cxb5 a6 5. bxa6 Bxa6 6. Nc3 d6 7. Nf3 g6 8. e4 Bxf1 9. Kxf1 Bg7 10. g3 O-O 11. Kg2 Nbd7 12. h3 Nb6 13. Qc2 Qd7 14. Re1 Na4 15. Bd2 Nxc3 16. Bxc3 Qb7 17. Nd2 e6 18. dxe6 fxe6 19. Kg1 Qf7 20. Re2 Nd7 21. Bxg7 Kxg7 22. Nc4 Ra6 23. Qd3 d5 24. exd5 exd5 25. Ne3 Rd6 26. Ng4 Re6 27. Rae1 Rxe2 28. Rxe2 h5 29. Ne3 Qf3 30. Rd2 d4 31. Nc4 Qd5 32. Re2 Rf7 33. b3 Qg5 34. h4 Qf6 35. Qe4 Kh7 36. Qd5 Re7 37. Rxe7+ Qxe7 38. Qb7 Kh6 39. Kg2 Qe6 40. a4 Nf6 41. Qf3 Nd5 42. a5 Kg7 43. a6 Qc6 44. a7 Qa8 45. Ne5 Kh6 46. Kh2 Nc7 47. Qf4+ 1-0

[Event "Marshall CC FIDE Premier November 2024"]
[Site "New York"]
[Date "2024.11.02"]
[Round "2.3"]
[White "Zhao, Kevin"]
[Black "Paragua, Megan Althea"]
[Result "0-1"]
[ECO "B45"]
[WhiteElo "2020"]
[BlackElo "2190"]
[Annotator "RC"]
[PlyCount "104"]
[EventDate "2024.11.01"]
[EventType "swiss"]
[EventCountry "USA"]
[SourceTitle "playchess.com"]
[Source "ChessBase"]
[SourceQuality "1"]
[TimeControl "5400+30"]

1. e4 c5 2. Nf3 e6 3. d4 cxd4 4. Nxd4 Nf6 5. Nc3 Nc6 6. Ndb5 Bb4 7. Bf4 Nxe4 8. Qf3 d5 9. O-O-O Bxc3 10. Nc7+ Kf8 11. bxc3 Qe7 12. Kb2 Rb8 13. Na6 bxa6+ 14. Bxb8 Nxb8 15. Bc4 Nd7 16. Bb3 Ne5 17. Qe2 Qf6 18. Rd4 Nc6 19. Rd3 Qf5 20. f3 Qxf3 21. Re1 Qxe2 22. Rxe2 Nc5 23. Rd1 a5 24. a4 Ba6 25. Re3 g6 26. h4 h5 27. Rg1 Ne7 28. g4 hxg4 29. Rxg4 Nf5 30. Rh3 Ne4 31. Rh2 Ne3 32. Rg1 Ke7 33. Re1 Nf5 34. c4 dxc4 35. Rxe4 cxb3 36. Kxb3 Bb7 37. Rg4 Bd5+ 38. Ka3 Ne3 39. Rd4 Rb8 40. c4 Nxc4+ 41. Ka2 Ne5+ 42. Ka1 Nf3 43. Rf4 Nxh2 44. h5 g5 45. Rf2 Ng4 46. Rc2 Ne3 47. Re2 Nd1 48. Rc2 Rb1+ 49. Kxb1 Be4 50. h6 Bxc2+ 51. Kxc2 Kf6 52. Kxd1 Kg6 0-1

[Event "Marshall CC FIDE Premier November 2024"]
[Site "New York"]
[Date "2024.11.02"]
[Round "2.4"]
[White "Li, Aiden Linyuan"]
[Black "Chin, Spencer"]
[Result "0-1"]
[ECO "B42"]
[WhiteElo "1923"]
[BlackElo "2035"]
[Annotator "RC"]
[PlyCount "60"]
[EventDate "2024.11.01"]
[EventType "swiss"]
[EventCountry "USA"]
[SourceTitle "playchess.com"]
[Source "ChessBase"]
[SourceQuality "1"]
[TimeControl "5400+30"]

1. e4 c5 2. Nf3 e6 3. d4 cxd4 4. Nxd4 a6 5. Bd3 Bc5 6. Nb3 Ba7 7. Qg4 Nf6 8. Qg3 d6 9. O-O Nc6 10. Qxg7 Rg8 11. Qh6 Ne5 12. Bg5 Rg6 13. Qh4 h6 14. Bxf6 Rxf6 15. N1d2 Bd7 16. Kh1 Qe7 17. f4 Ng6 18. Qxh6 O-O-O 19. Qg5 e5 20. f5 Rh8 21. g3 Nf8 22. Nf3 Qd8 23. g4 Rh3 24. Kg2 Nh7 25. Qd2 Rfh6 26. g5 Nxg5 27. Kh1 Qh8 28. Qc3+ Kb8 29. Qd2 Nxf3 30. Rxf3 Rxh2+ 0-1

[Event "Marshall CC FIDE Premier November 2024"]
[Site "New York"]
[Date "2024.11.02"]
[Round "2.6"]
[White "Stancil, Kimani"]
[Black "Muthukumar, Haari"]
[Result "0-1"]
[ECO "C11"]
[WhiteElo "1915"]
[BlackElo "2168"]
[Annotator "RC"]
[PlyCount "102"]
[EventDate "2024.11.01"]
[EventType "swiss"]
[EventCountry "USA"]
[SourceTitle "playchess.com"]
[Source "ChessBase"]
[SourceQuality "1"]
[TimeControl "5400+30"]

1. e4 e6 2. d4 d5 3. Nc3 Nf6 4. e5 Nfd7 5. f4 c5 6. Nf3 Nc6 7. Be3 Rb8 8. Qd2 Qa5 9. Be2 b5 10. O-O b4 11. Nd1 Nb6 12. b3 Ba6 13. Nf2 Bxe2 14. Qxe2 c4 15. g4 Be7 16. Kh1 Kd7 17. Bd2 Qb5 18. f5 a6 19. Bf4 g6 20. Qe3 Rbe8 21. Rfe1 h5 22. Ng5 Ref8 23. f6 Bd8 24. a4 bxa3 25. Rxa3 Bc7 26. Rea1 a5 27. Qc3 hxg4 28. Rxa5 Nxa5 29. Rxa5 Qc6 30. Qb4 cxb3 31. Rc5 Qa4 32. Qc3 Na8 33. Nd3 Bb6 34. cxb3 Qa7 35. Rc6 Nc7 36. Rd6+ Kc8 37. Be3 Qa2 38. Nb2 g3 39. h3 Qa5 40. b4 Qb5 41. Kg2 Kb7 42. Kxg3 Ne8 43. Rxb6+ Kxb6 44. Nd3 Nc7 45. Nc5 Rh5 46. Nd7+ Qxd7 47. Qc5+ Kb7 48. Qxf8 Qb5 49. Kf2 Qd3 50. h4 Rxh4 51. Nxf7 Qf5+ 0-1

[Event "Marshall CC FIDE Premier November 2024"]
[Site "New York"]
[Date "2024.11.02"]
[Round "2.7"]
[White "Muthukumaran, Gurru"]
[Black "Bonin, Jay"]
[Result "1/2-1/2"]
[ECO "B11"]
[WhiteElo "1859"]
[BlackElo "2127"]
[Annotator "RC"]
[PlyCount "128"]
[EventDate "2024.11.01"]
[EventType "swiss"]
[EventCountry "USA"]
[SourceTitle "playchess.com"]
[Source "ChessBase"]
[SourceQuality "1"]
[TimeControl "5400+30"]

1. e4 c6 2. Nc3 a6 3. Nf3 d5 4. h3 e6 5. d4 Bb4 6. exd5 exd5 7. Bd3 Ne7 8. O-O Bf5 9. Bxf5 Nxf5 10. Re1+ Ne7 11. Bf4 O-O 12. Qd3 Ng6 13. Bg3 Nd7 14. a3 Be7 15. Ne2 Nf6 16. Nd2 Re8 17. Nf4 Qd7 18. Nxg6 hxg6 19. Re2 Bf8 20. Be5 Nh7 21. Rae1 Re6 22. Nf3 Rae8 23. Kf1 Qe7 24. Bg3 Rxe2 25. Rxe2 Qxe2+ 26. Qxe2 Rxe2 27. Kxe2 f6 28. Nd2 Ng5 29. Nb3 Ne6 30. Kd3 b6 31. c4 dxc4+ 32. Kxc4 Kf7 33. Nd2 Ke8 34. Ne4 Kd7 35. Nc3 Bd6 36. Bxd6 Kxd6 37. Ne4+ Kd7 38. g3 f5 39. Nc3 Ng5 40. h4 Nh3 41. Nd1 g5 42. hxg5 Nxg5 43. b4 Ne4 44. Kd3 Nd6 45. a4 g5 46. Ne3 Ke6 47. f3 b5 48. a5 Nc8 49. g4 fxg4 50. fxg4 Ne7 51. Ke4 Ng8 52. d5+ cxd5+ 53. Nxd5 Nh6 54. Nc7+ Kd6 55. Nxa6 Nxg4 56. Kf5 Ne3+ 57. Kxg5 Nc2 58. Kf4 Kc6 59. Ke4 Kb7 60. Nc5+ Ka7 61. Nd3 Ka6 62. Nc5+ Ka7 63. Nd3 Ka6 64. Kd5 Nxb4+ 1/2-1/2

[Event "Marshall CC FIDE Premier November 2024"]
[Site "New York"]
[Date "2024.11.02"]
[Round "2.8"]
[White "Gartenlaub, Corin"]
[Black "Yang, Daniel"]
[Result "1-0"]
[ECO "B55"]
[WhiteElo "1895"]
[BlackElo "2101"]
[Annotator "RC"]
[PlyCount "125"]
[EventDate "2024.11.01"]
[EventType "swiss"]
[EventCountry "USA"]
[SourceTitle "playchess.com"]
[Source "ChessBase"]
[SourceQuality "1"]
[TimeControl "5400+30"]

1. e4 c5 2. Nf3 d6 3. d4 cxd4 4. Nxd4 Nf6 5. f3 e5 6. Nb3 Be7 7. c4 a5 8. Be3 a4 9. N3d2 Nfd7 10. Nc3 Nc5 11. b4 axb3 12. Nxb3 Nxb3 13. axb3 Rxa1 14. Qxa1 O-O 15. Be2 Bg5 16. Bf2 Nc6 17. O-O Nd4 18. Bd1 f5 19. Qa7 Nc6 20. Qb6 Qe8 21. exf5 Rxf5 22. Bc2 Rf7 23. Be4 Be6 24. Nb5 Bd8 25. Qe3 Rd7 26. Rd1 Be7 27. Qd3 g6 28. Bb6 Qf7 29. Nc7 Kg7 30. Bd5 Nd8 31. Nxe6+ Nxe6 32. Qe4 Bd8 33. Bxd8 Rxd8 34. Bxe6 Qxe6 35. Qxb7+ Rd7 36. Qd5 Qxd5 37. Rxd5 Rb7 38. Rd3 Rb6 39. Kf2 Kf6 40. Ke3 Ke6 41. Kd2 Ra6 42. Kc3 Ra7 43. Rd2 h5 44. b4 g5 45. h3 g4 46. hxg4 hxg4 47. fxg4 Ra3+ 48. Kb2 Rg3 49. b5 Rxg4 50. Kc3 Rg7 51. Kb4 Rf7 52. b6 e4 53. Kb5 Rf5+ 54. Ka6 Kd7 55. b7 Kc7 56. Rxd6 Rc5 57. Rh6 Rxc4 58. Rh7+ Kc6 59. Ka7 Ra4+ 60. Kb8 Kb6 61. Rh6+ Ka5 62. Kc7 Rc4+ 63. Rc6 1-0

[Event "Marshall CC FIDE Premier November 2024"]
[Site "New York"]
[Date "2024.11.02"]
[Round "2.9"]
[White "Levine, Owen"]
[Black "Miller, Rachel"]
[Result "1-0"]
[ECO "C54"]
[WhiteElo "1998"]
[BlackElo "1935"]
[Annotator "RC"]
[PlyCount "69"]
[EventDate "2024.11.01"]
[EventType "swiss"]
[EventCountry "USA"]
[SourceTitle "playchess.com"]
[Source "ChessBase"]
[SourceQuality "1"]
[TimeControl "5400+30"]

1. e4 e5 2. Nf3 Nc6 3. Bc4 Bc5 4. c3 Nf6 5. d3 d6 6. O-O a5 7. a4 Ba7 8. Re1 h6 9. h3 O-O 10. Nbd2 Be6 11. Bxe6 fxe6 12. Nf1 Qe8 13. Be3 Bxe3 14. Rxe3 Rd8 15. Qb3 Rf7 16. Rc1 b6 17. Ng3 Qd7 18. Rce1 Rdf8 19. d4 exd4 20. cxd4 e5 21. dxe5 Nxe5 22. Nd4 Nc6 23. Ngf5 Nxd4 24. Nxd4 Kh7 25. Rc1 Re8 26. Nb5 Qe6 27. Qd3 Qe5 28. Nxc7 Rc8 29. f4 Qxf4 30. e5+ g6 31. Rf1 Qb4 32. Nd5 Nxd5 33. Rxf7+ Kh8 34. Qxg6 Rc1+ 35. Kh2 1-0

[Event "Marshall CC FIDE Premier November 2024"]
[Site "New York"]
[Date "2024.11.02"]
[Round "2.10"]
[White "Yang, Lucas"]
[Black "Ayyappan, Santhosh"]
[Result "0-1"]
[ECO "D36"]
[WhiteElo "1800"]
[BlackElo "1933"]
[Annotator "RC"]
[PlyCount "54"]
[EventDate "2024.11.01"]
[EventType "swiss"]
[EventCountry "USA"]
[SourceTitle "playchess.com"]
[Source "ChessBase"]
[SourceQuality "1"]
[TimeControl "5400+30"]

1. d4 d5 2. c4 e6 3. Nc3 Nf6 4. cxd5 exd5 5. Bg5 Be7 6. e3 c6 7. Bd3 O-O 8. Qc2 Nbd7 9. Nf3 Re8 10. h3 Nf8 11. Bf4 a6 12. g4 c5 13. O-O-O c4 14. Bf5 Bb4 15. Ne2 Bxf5 16. gxf5 c3 17. bxc3 Ne4 18. cxb4 Rc8 19. Rhf1 Qb6 20. a3 Rxc2+ 21. Kxc2 Rc8+ 22. Kb2 a5 23. Rc1 Ra8 24. Bc7 Qb5 25. Nc3 Nxc3 26. Kxc3 axb4+ 27. axb4 Qc4+ 0-1

[Event "Marshall CC FIDE Premier November 2024"]
[Site "New York"]
[Date "2024.11.03"]
[Round "3.1"]
[White "Paragua, Megan Althea"]
[Black "Hebbar, Eshaan"]
[Result "1/2-1/2"]
[ECO "C22"]
[WhiteElo "2190"]
[BlackElo "2130"]
[Annotator "RC"]
[PlyCount "59"]
[EventDate "2024.11.01"]
[EventType "swiss"]
[EventCountry "USA"]
[SourceTitle "playchess.com"]
[Source "ChessBase"]
[SourceQuality "1"]
[TimeControl "5400+30"]

1. e4 e5 2. d4 exd4 3. Qxd4 Nc6 4. Qe3 Nf6 5. Bb5 a6 6. Bxc6 dxc6 7. f3 Bd6 8. Bd2 O-O 9. Nc3 Re8 10. Nge2 Nd5 11. Qf2 Nxc3 12. Nxc3 Qe7 13. O-O-O Be6 14. f4 f6 15. Rde1 a5 16. Qf3 Rad8 17. e5 fxe5 18. fxe5 Bb4 19. h4 Rf8 20. Qg3 Qf7 21. a3 Bxc3 22. Qxc3 Rd5 23. h5 h6 24. g4 Qf3 25. Qxf3 Rxf3 26. g5 Rf2 27. Be3 Rg2 28. Rhg1 Rxg1 29. Rxg1 Rxe5 30. Kd2 1/2-1/2